TOP OF THE 1ST |
Houston Astros batting - Pitching for Texas Rangers : RHP Kelly Goosecock
|
Pitching: RHP Kelly Goosecock
|
|
Batting: RHB Matt Thompson
|
0-0: Ball 1-0: Foul Ball, location: 2F 1-1: Foul Ball, location: 2F 1-2: Strikes out swinging
|
Batting: RHB Chang-wei Jiang
|
0-0: SINGLE (Groundball, 6D, EV 94.4 MPH)
|
Batting: LHB Bryce Hill
|
0-0: Ball 1-0: Called Strike 1-1: Ball 2-1: Swinging Strike 2-2: Ball 3-2: Foul Ball, location: 2F 3-2: Strikes out looking Chang-wei Jiang is caught stealing 2nd base 2-6 Batter strikes out.
|
Top of the 1st over - 0 runs, 1 hit, 0 errors, 0 left on base; Houston 0 - Texas 0 |
BOTTOM OF THE 1ST |
Texas Rangers batting - Pitching for Houston Astros : LHP Mat Pear
|
Pitching: LHP Mat Pear
|
|
Batting: RHB Casey Semenza
|
0-0: Ball 1-0: Ball 2-0: Ball 3-0: Called Strike 3-1: Ground out 5-3 (Groundball, 56, EV 99.4 MPH)
|
Batting: RHB David Casas
|
0-0: Ball 1-0: SINGLE (Flyball, 9S, EV 89.4 MPH)
|
Batting: SHB John Giesbrecht
|
0-0: Ball 1-0: Ball David Casas is caught stealing 2nd base 2-4 2-0: Called Strike 2-1: Ball 3-1: Base on Balls
|
Batting: SHB Vince Ealy
|
0-0: Ball 1-0: Foul Ball, location: 2F 1-1: Called Strike 1-2: Ground out 4-3 (Groundball, 4, EV 92.5 MPH)
|
Bottom of the 1st over - 0 runs, 1 hit, 0 errors, 1 left on base; Houston 0 - Texas 0 |
TOP OF THE 2ND |
Houston Astros batting - Pitching for Texas Rangers : RHP Kelly Goosecock
|
Batting: SHB Joe Gardner
|
0-0: Ball 1-0: Foul Ball, location: 2F 1-1: Ball 2-1: Foul Ball, location: 2F 2-2: Foul Ball, location: 2F 2-2: Ball 3-2: Base on Balls
|
Batting: RHB Trevor Mock
|
0-0: Called Strike Joe Gardner steals 2nd base 0-1: Foul Ball, location: 2F 0-2: Ball 1-2: Strikes out looking
|
Batting: LHB Zack Berney
|
0-0: Foul Ball, location: 2F 0-1: Swinging Strike 0-2: Strikes out swinging
|
Batting: RHB Jeremy Trump
|
0-0: Ball 1-0: Called Strike 1-1: Foul Ball, location: 2F 1-2: Ball 2-2: Ball 3-2: Strikes out swinging
|
Top of the 2nd over - 0 runs, 0 hits, 0 errors, 1 left on base; Houston 0 - Texas 0 |
BOTTOM OF THE 2ND |
Texas Rangers batting - Pitching for Houston Astros : LHP Mat Pear
|
Batting: RHB Marty King
|
0-0: Ball 1-0: Fly out, F9 (Line Drive, 9D, EV 98.1 MPH)
|
Batting: SHB Jun Tsuda
|
0-0: Called Strike 0-1: SINGLE (Line Drive, 4MD, EV 93.8 MPH)
|
Batting: RHB Zhao-ji Chi
|
0-0: Called Strike 0-1: Ball Wild Pitch! Jun Tsuda to second 1-1: Ground out 5-3 (Groundball, 5S, EV 65.0 MPH) Jun Tsuda to third
|
Batting: LHB Andy Bowman
|
0-0: Ball 1-0: Foul Ball, location: 2F 1-1: Ball 2-1: Ball 3-1: SINGLE (Line Drive, 6D, EV 105.0 MPH) Jun Tsuda scores
|
Batting: RHB Cody Flowers
|
0-0: Ball 1-0: Fielders Choice at 2nd, 6-4 (Groundball, 6, EV 88.8 MPH)
|
Bottom of the 2nd over - 1 run, 2 hits, 0 errors, 1 left on base; Houston 0 - Texas 1 |
TOP OF THE 3RD |
Houston Astros batting - Pitching for Texas Rangers : RHP Kelly Goosecock
|
Batting: RHB Antonio Aranda
|
0-0: Foul Ball, location: 2F 0-1: Called Strike 0-2: Ball 1-2: Foul Ball, location: 2F 1-2: Ball 2-2: Strikes out looking
|
Batting: LHB Ian Jarvis
|
0-0: Called Strike 0-1: Called Strike 0-2: Ball 1-2: Ball 2-2: Foul Ball, location: 2F 2-2: Ball 3-2: Foul Ball, location: 2F 3-2: Strikes out swinging
|
Batting: RHB Matt Thompson
|
0-0: Called Strike 0-1: Ball 1-1: SINGLE (Groundball, 56S, EV 71.9 MPH) (infield hit)
|
Batting: RHB Chang-wei Jiang
|
0-0: SINGLE (Groundball, 5S, EV 67.5 MPH) (infield hit) Matt Thompson to second
|
Batting: LHB Bryce Hill
|
0-0: Ground out 1-3 (Groundball, 15S, EV 67.5 MPH)
|
Top of the 3rd over - 0 runs, 2 hits, 0 errors, 2 left on base; Houston 0 - Texas 1 |
BOTTOM OF THE 3RD |
Texas Rangers batting - Pitching for Houston Astros : LHP Mat Pear
|
Batting: RHB Casey Semenza
|
0-0: Ball 1-0: Swinging Strike 1-1: Ball 2-1: Foul Ball, location: 2F 2-2: Fly out, F4 (Flyball, 34D, EV 78.8 MPH)
|
Batting: RHB David Casas
|
0-0: Called Strike 0-1: Foul Ball, location: 2F 0-2: Ground out 6-3 (Groundball, 6, EV 87.5 MPH)
|
Batting: SHB John Giesbrecht
|
0-0: Swinging Strike 0-1: Ball 1-1: Foul Ball, location: 2F 1-2: Strikes out swinging
|
Bottom of the 3rd over - 0 runs, 0 hits, 0 errors, 0 left on base; Houston 0 - Texas 1 |
TOP OF THE 4TH |
Houston Astros batting - Pitching for Texas Rangers : RHP Kelly Goosecock
|
Batting: SHB Joe Gardner
|
0-0: Ball 1-0: Ball 2-0: Called Strike 2-1: Fly out, F8 (Flyball, 78M, EV 89.4 MPH)
|
Batting: RHB Trevor Mock
|
0-0: Called Strike 0-1: Ball 1-1: Fly out, F3 (Popup, 3, EV 76.9 MPH)
|
Batting: LHB Zack Berney
|
0-0: Called Strike 0-1: Foul Ball, location: 2F 0-2: Ball 1-2: Ball 2-2: Ball 3-2: Fly out, F8 (Flyball, 8RM, EV 92.5 MPH)
|
Top of the 4th over - 0 runs, 0 hits, 0 errors, 0 left on base; Houston 0 - Texas 1 |
BOTTOM OF THE 4TH |
Texas Rangers batting - Pitching for Houston Astros : LHP Mat Pear
|
Batting: SHB Vince Ealy
|
0-0: Called Strike 0-1: Ball 1-1: Called Strike 1-2: Strikes out looking
|
Batting: RHB Marty King
|
0-0: Swinging Strike 0-1: Ball 1-1: Swinging Strike 1-2: Strikes out looking
|
DELAY
|
Rain delay of 18 minutes in the 4th inning.
|
Batting: SHB Jun Tsuda
|
0-0: Ball 1-0: Foul Ball, location: 2F 1-1: Swinging Strike 1-2: DOUBLE (Line Drive, 5D, EV 98.8 MPH)
|
Batting: RHB Zhao-ji Chi
|
0-0: Ball 1-0: Called Strike 1-1: Ball 2-1: Ball 3-1: SINGLE (Line Drive, 9S, EV 109.4 MPH) Jun Tsuda to third Runner from 3rd tries for Home, SAFE, throw by RF to home
|
Batting: LHB Andy Bowman
|
0-0: Ball 1-0: Ball 2-0: Called Strike 2-1: Foul Ball, location: 2F 2-2: Foul Ball, location: 2F 2-2: Ball 3-2: Foul Ball, location: 2F 3-2: Foul Ball, location: 2F 3-2: Fly out, F8 (Flyball, 8LXD, EV 107.5 MPH)
|
Bottom of the 4th over - 1 run, 2 hits, 0 errors, 1 left on base; Houston 0 - Texas 2 |
TOP OF THE 5TH |
Houston Astros batting - Pitching for Texas Rangers : RHP Kelly Goosecock
|
Batting: RHB Jeremy Trump
|
0-0: Foul Ball, location: 2F 0-1: Ball 1-1: Foul Ball, location: 2F 1-2: Ball 2-2: Foul Ball, location: 2F 2-2: Strikes out swinging
|
Batting: RHB Antonio Aranda
|
0-0: DOUBLE (Flyball, 8RXD, EV 106.2 MPH)
|
Batting: LHB Ian Jarvis
|
0-0: Called Strike 0-1: Foul Ball, location: 2F 0-2: Strikes out swinging
|
Batting: RHB Matt Thompson
|
0-0: Called Strike 0-1: Ball 1-1: Foul Ball, location: 2F 1-2: Ground out U3 (Groundball, 3, EV 91.2 MPH)
|
Top of the 5th over - 0 runs, 1 hit, 0 errors, 1 left on base; Houston 0 - Texas 2 |
BOTTOM OF THE 5TH |
Texas Rangers batting - Pitching for Houston Astros : LHP Mat Pear
|
Batting: RHB Cody Flowers
|
0-0: Foul Ball, location: 2F 0-1: Ball 1-1: SINGLE (Line Drive, 8LS, EV 108.1 MPH)
|
Batting: RHB Casey Semenza
|
0-0: Ball 1-0: Ball Cody Flowers steals 2nd base 2-0: Ball 3-0: Called Strike 3-1: Base on Balls
|
Batting: RHB David Casas
|
0-0: Called Strike 0-1: Ball 1-1: Sac Bunt to 2R - play at first, batter OUT! 2-4 Cody Flowers to third Casey Semenza to second
|
Batting: SHB John Giesbrecht
|
0-0: Foul Ball, location: 2F 0-1: Fly out, F8 (Flyball, 8RXD, EV 106.2 MPH) Runner from 3rd tags up, SCORES, no throw by CF Casey Semenza to third
|
Batting: SHB Vince Ealy
|
0-0: Fly out, F5 (Line Drive, 5, EV 62.5 MPH)
|
Bottom of the 5th over - 1 run, 1 hit, 0 errors, 1 left on base; Houston 0 - Texas 3 |
TOP OF THE 6TH |
Houston Astros batting - Pitching for Texas Rangers : RHP Kelly Goosecock
|
Batting: RHB Chang-wei Jiang
|
0-0: Swinging Strike 0-1: Called Strike 0-2: Strikes out swinging
|
Batting: LHB Bryce Hill
|
0-0: Foul Ball, location: 2F 0-1: Swinging Strike 0-2: Ball 1-2: Ball 2-2: Strikes out looking
|
Batting: SHB Joe Gardner
|
0-0: Ball 1-0: Called Strike 1-1: Ball 2-1: Swinging Strike 2-2: Ball 3-2: Strikes out looking
|
Top of the 6th over - 0 runs, 0 hits, 0 errors, 0 left on base; Houston 0 - Texas 3 |
BOTTOM OF THE 6TH |
Texas Rangers batting - Pitching for Houston Astros : LHP Mat Pear
|
Batting: RHB Marty King
|
0-0: Called Strike 0-1: DOUBLE (Line Drive, 89XD, EV 100.0 MPH)
|
Batting: SHB Jun Tsuda
|
0-0: Intentional Walk
|
Batting: RHB Zhao-ji Chi
|
0-0: Ball 1-0: SINGLE (Flyball, 3D, EV 94.4 MPH) Marty King to third Jun Tsuda to second
|
Batting: LHB Andy Bowman
|
0-0: Called Strike 0-1: Swinging Strike 0-2: Strikes out swinging
|
Batting: RHB Cody Flowers
|
0-0: Ball 1-0: Ball 2-0: Called Strike 2-1: Ball 3-1: Called Strike 3-2: Base on Balls Marty King scores Jun Tsuda to third Zhao-ji Chi to second
|
Batting: RHB Casey Semenza
|
0-0: Called Strike 0-1: TRIPLE (Line Drive, 78XD, EV 102.5 MPH) Jun Tsuda scores Zhao-ji Chi scores Cody Flowers scores
|
Pitching: RHP Antonio Escobosa
|
|
Batting: RHB David Casas
|
0-0: Ball 1-0: Ground out 6-3 (Groundball, 6M, EV 80.6 MPH) Casey Semenza scores
|
Batting: SHB John Giesbrecht
|
0-0: Called Strike 0-1: Foul Ball, location: 2F 0-2: Strikes out swinging
|
Bottom of the 6th over - 5 runs, 3 hits, 0 errors, 0 left on base; Houston 0 - Texas 8 |
TOP OF THE 7TH |
Houston Astros batting - Pitching for Texas Rangers : RHP Kelly Goosecock
|
Batting: RHB Trevor Mock
|
0-0: Ball 1-0: Ball 2-0: Called Strike 2-1: Swinging Strike 2-2: Strikes out looking
|
Batting: LHB Zack Berney
|
0-0: Ball 1-0: Ball 2-0: SINGLE (Flyball, 8LS, EV 87.5 MPH)
|
Batting: RHB Jeremy Trump
|
0-0: Ball 1-0: Called Strike 1-1: Ball 2-1: Ball 3-1: Foul Ball, location: 2F 3-2: Grounds into double play, 6-4-3 (Groundball, 6MD, EV 88.1 MPH)
|
Top of the 7th over - 0 runs, 1 hit, 0 errors, 0 left on base; Houston 0 - Texas 8 |
BOTTOM OF THE 7TH |
Texas Rangers batting - Pitching for Houston Astros : RHP Antonio Escobosa
|
Batting: SHB Vince Ealy
|
0-0: Ball 1-0: Ball 2-0: Ball 3-0: Called Strike 3-1: Base on Balls
|
Batting: RHB Marty King
|
0-0: Foul Ball, location: 2F 0-1: Swinging Strike 0-2: Ball 1-2: Grounds into double play, 6-4-3 (Groundball, 6M, EV 83.8 MPH)
|
Batting: SHB Jun Tsuda
|
0-0: Ball 1-0: Foul Ball, location: 2F 1-1: Fly out, F7 (Flyball, 7S, EV 89.4 MPH)
|
Bottom of the 7th over - 0 runs, 0 hits, 0 errors, 0 left on base; Houston 0 - Texas 8 |
TOP OF THE 8TH |
Houston Astros batting - Pitching for Texas Rangers : RHP Kelly Goosecock
|
Batting: RHB Antonio Aranda
|
0-0: Ball 1-0: Called Strike 1-1: Foul Ball, location: 2F 1-2: Strikes out swinging
|
Batting: LHB Ian Jarvis
|
0-0: Ball 1-0: Ball 2-0: Ball 3-0: Called Strike 3-1: Swinging Strike 3-2: Foul Ball, location: 2F 3-2: Strikes out swinging
|
Batting: RHB Matt Thompson
|
0-0: Ball 1-0: Swinging Strike 1-1: TRIPLE (Line Drive, 8RXD, EV 108.8 MPH)
|
Pitching: RHP Douglas ten Pas
|
|
Batting: RHB Chang-wei Jiang
|
0-0: Foul Ball, location: 2F 0-1: Ball 1-1: Ball 2-1: Ground out 6-3 (Groundball, 6, EV 105.6 MPH)
|
Top of the 8th over - 0 runs, 1 hit, 0 errors, 1 left on base; Houston 0 - Texas 8 |
BOTTOM OF THE 8TH |
Texas Rangers batting - Pitching for Houston Astros : RHP Antonio Escobosa
|
Batting: RHB Zhao-ji Chi
|
0-0: Called Strike 0-1: Foul Ball, location: 2F 0-2: Foul Ball, location: 2F 0-2: Foul Ball, location: 2F 0-2: Ball 1-2: Fly out, F4 (Flyball, 4D, EV 91.2 MPH)
|
Batting: LHB Andy Bowman
|
0-0: Called Strike 0-1: Ground out 6-3 (Groundball, 6, EV 110.6 MPH)
|
Batting: RHB Cody Flowers
|
0-0: Ball 1-0: Ball 2-0: Reached on error, E8 (Flyball, 8RS, EV 89.4 MPH)
|
Batting: RHB Casey Semenza
|
0-0: Ball 1-0: Foul Ball, location: 2F 1-1: Foul Ball, location: 2F 1-2: Ball 2-2: Ball 3-2: Base on Balls
|
Batting: RHB David Casas
|
0-0: Ball 1-0: Called Strike 1-1: Foul Ball, location: 2F 1-2: Ball 2-2: 3-RUN HOME RUN (Flyball, 8RXD, EV 107.5 MPH), Distance : 420 ft
|
Pitching: RHP Arturo Vargas
|
|
Batting: SHB John Giesbrecht
|
0-0: Called Strike 0-1: Swinging Strike 0-2: Ball 1-2: Ball 2-2: Fly out, F7 (Line Drive, 7D, EV 95.0 MPH)
|
Bottom of the 8th over - 3 runs, 1 hit, 1 error, 0 left on base; Houston 0 - Texas 11 |
TOP OF THE 9TH |
Houston Astros batting - Pitching for Texas Rangers : RHP Douglas ten Pas
|
Batting: LHB Bryce Hill
|
0-0: Ball 1-0: Swinging Strike 1-1: SINGLE (Groundball, 4M, EV 102.5 MPH) (infield hit)
|
Batting: SHB Joe Gardner
|
0-0: Ball 1-0: Foul Ball, location: 2F 1-1: SINGLE (Flyball, 89S, EV 89.4 MPH) Bryce Hill to second
|
Batting: RHB Trevor Mock
|
0-0: Called Strike 0-1: Ball 1-1: Fly out, F8 (Flyball, 8LM, EV 83.1 MPH)
|
Batting: LHB Zack Berney
|
0-0: Ball 1-0: Foul Ball, location: 2F 1-1: Swinging Strike 1-2: Strikes out swinging
|
Pinch Hitting: SHB Addick de Vries
|
0-0: DOUBLE (Line Drive, 78D, EV 105.6 MPH) Bryce Hill scores Joe Gardner to third
|
Batting: RHB Antonio Aranda
|
0-0: Called Strike 0-1: Ball 1-1: Ball 2-1: Fly out, F9 (Line Drive, 9D, EV 93.1 MPH)
|
Top of the 9th over - 1 run, 3 hits, 0 errors, 2 left on base; Houston 1 - Texas 11 |
|